Map: Cyber Forest LE

Players

Yoke - Winner!

  • Race: Protoss Protoss
  • League: Silver
  • Spawn Location: 11:00

XOURCE

  • Race: Zerg Zerg
  • Spawn Location: 5:00

VOD

Have the link to the VOD?

Description

Time

  • Played on: Feb. 2, 2019, 3:31 p.m.
  • Length: 11:10
Show
View Real Time Build Order
Export as new Build Order

Yoke Protoss - Winner!

Build Orders:  

Get SALT Encoding   

  12  0:01  Probe  
  13  0:13  Probe  
  14  0:19  Pylon  
  14  0:25  Probe  
  15  0:37  Gateway  
  15  0:42  Probe  
  16  0:54  Probe  
  16  0:55  Assimilator  
  17  1:00  Pylon  
  17  1:08  Probe  
  18  1:20  Probe  
  18  1:21  Zealot  
  19  1:28  Cybernetics Core  
  19  1:32  Probe  
  21  1:37  Assimilator  
  22  1:40  Probe  
  23  1:50  Probe  
  23  1:52  Zealot  
  26  1:58  Assimilator  
  26  2:02  Probe  
  27  2:20  Pylon  
  29  2:25  Stalker  
  29  2:29  Robotics Facility  
  29  2:46  Gateway  
  29  2:48  Gateway  
  29  2:49  Stalker  
  31  3:08  Probe  
  32  3:15  Stalker  
  32  3:17  Observer  
  35  3:21  Probe  
  35  3:24  Pylon  
  35  3:25  Pylon  
  36  3:33  Probe  
  37  3:35  Forge  
  37  3:45  Probe  
  38  3:49  Zealot, Sentry  
  38  3:51  Pylon  
  42  4:01  Pylon  
  42  4:13  Gateway  
  42  4:19  Shield Battery  
  42  4:24  Zealot  
  42  4:32  Zealot, Stalker  
  42  4:35  Protoss Ground Weapons Level 1  
  48  4:49  Stalker  
  48  4:51  Warp Gate  
  50  4:59  Zealot  
  52  5:03  Sentry  
  54  5:19  Stalker x2  
  58  5:26  Zealot  
  60  5:29  Zealot  
  60  5:35  Immortal  
  54  5:49  Stalker x2  
  60  6:05  Stalker  
  62  6:16  Nexus  
  62  6:24  Probe  
  63  6:26  Sentry  
  65  6:36  Immortal  
  69  7:04  Stalker  
  71  7:12  Pylon  
  71  7:15  Pylon  
  71  7:21  Pylon  
  71  7:22  Assimilator  
  71  7:24  Assimilator  
  71  7:25  Protoss Shields Level 1  
  71  7:26  Probe  
  66  7:34  Immortal  
  60  8:06  Stalker x3  
  60  8:28  Probe  
  60  8:29  Probe  
  62  8:40  Probe  
  62  8:41  Probe  
  56  8:53  Probe x2  
  58  9:02  Robotics Facility  
  58  9:05  Probe  
  59  9:12  Stalker x3  
  59  9:14  Sentry  
  67  9:22  Probe  
  67  9:23  Probe  
  69  9:26  Observer  
  70  9:43  Probe, Immortal  
  70  9:45  Stalker x2  
  73  10:21  Zealot x2  
  73  10:22  Zealot x2  
  73  10:24  Probe x2  
  73  10:26  Immortal  
  87  10:45  Nexus  
  87  10:48  Pylon  
  87  10:51  Pylon  
Show
View Real Time Build Order
Export as new Build Order

XOURCE Zerg 

Build Orders: Hatch First 

Get SALT Encoding   

  12  0:01  Drone  
  13  0:14  Overlord  
  13  0:17  Drone  
  14  0:32  Drone  
  14  0:33  Drone  
  16  0:54  Hatchery  
  16  0:55  Drone  
  16  0:56  Drone  
  17  1:02  Drone  
  18  1:12  Extractor  
  18  1:18  Spawning Pool  
  16  1:22  Drone x2  
  18  1:30  Drone  
  19  1:41  Overlord  
  19  2:09  Zergling x2  
  19  2:10  Zergling x4  
  22  2:24  Drone x2  
  24  2:36  Queen x2  
  24  2:40  Metabolic Boost  
  28  2:45  Drone x3  
  28  2:46  Drone x2  
  33  2:52  Overlord  
  33  3:00  Roach Warren  
  33  3:04  Overlord  
  32  3:12  Queen  
  32  3:13  Overlord  
  32  3:17  Overlord  
  34  3:30  Drone, Hatchery  
  34  3:32  Drone  
  35  3:39  Drone  
  35  3:40  Drone x2  
  38  3:45  Drone  
  38  3:46  Drone  
  40  3:48  Drone  
  40  3:49  Drone  
  42  3:59  Drone  
  42  4:00  Drone  
  42  4:01  Drone x3  
  47  4:07  Overlord x2  
  47  4:17  Extractor  
  47  4:18  Extractor  
  47  4:21  Drone x2  
  47  4:23  Evolution Chamber  
  46  4:29  Overlord x2  
  46  4:32  Drone x2  
  46  4:33  Drone x2  
  46  4:35  Zergling x4  
  52  4:52  Zerg Missile Weapons Level 1  
  52  5:06  Roach  
  54  5:07  Roach x2  
  54  5:08  Roach x9  
  63  5:34  Roach  
  63  5:35  Roach x6  
  73  5:36  Overlord  
  73  5:40  Roach  
  71  5:50  Drone x3  
  71  5:56  Roach x2  
  76  6:06  Zergling x8  
  80  6:16  Queen  
  82  6:19  Queen  
  84  6:27  Drone x2  
  86  6:48  Drone x3  
  89  6:58  Lair  
  87  7:02  Roach  
  87  7:03  Roach x4  
  87  7:05  Overlord  
  87  7:06  Overlord x4  
  93  7:36  Roach x8  
  93  7:37  Roach  
  96  7:51  Overlord  
  96  7:52  Overlord  
  96  7:53  Roach x6  
  96  8:01  Zerg Missile Weapons Level 2  
  96  8:04  Roach  
  96  8:05  Roach x2  
  84  8:20  Roach x5  
  88  8:35  Queen  
  82  8:46  Drone  
  82  8:47  Drone x10  
  91  9:02  Glial Reconstitution  
  91  9:11  Hydralisk Den  
  90  9:30  Drone x8  
  90  9:31  Drone x2  
  100  9:34  Extractor  
  100  9:35  Extractor, Hatchery  
  100  9:36  Drone  
  100  9:37  Drone x2  
  100  9:56  Queen  
  100  9:58  Zergling x10  
  100  9:59  Zergling x12  
  96  10:11  Zergling x8  
  96  10:12  Zergling x8  
  78  10:25  Roach  
  78  10:26  Roach x2  
Tags
 
League
Silver
Matchup
PvZ
Spawn Locations
Cross Positions
Add a new tag
Caveats
  • Supply blocks, unpowered buildings, or Contaminate may cause inaccurate times.
  • Supply counts are checked every 10 seconds.